AoeStats
← Led-Set

Arabia

504147739Analyzed
2v2 RM · 27d ago on Sep 4, 2026· 19m 49s· 4 players
Game mode
Random Map
Map size
Medium (4 player)
Population
200
Speed
Normal
Resources
Standard
Victory
Conquest
Starting age
Dark Age
Ending age
Imperial Age
RankedLock teamsTeams togetherTeam positionsShared explorationLock speedFull tech treeHidden civsTurbo modeCheats
Victory
Defeat
🇨🇱 Mapuche · Chile
867
+15
🇨🇱 Japanese · Chile
866
+15
🇪🇨 Goths · Ecuador
898
-17
🇨🇳 Malay · China
802
-13
F e m t o
10:45 Feudal Age
11:30 Loom
11:08 Champi Runner
12:01 Horse Collar
12:06 Double-Bit Axe
14:25 Forging
16:03 Scale Mail Armor
16:04 Arson
Led-Set
12:08 Feudal Age
14:32 Man-at-Arms
18:29 Arson
VaimX
10:18 Feudal Age
11:35 Wheelbarrow
10:48 Double-Bit Axe
13:18 Loom
好歌剧
Connection lost

Rejoining the realm…

Still unreachable

The connection could not be restored.

Session expired

The server has moved on; the page needs a fresh start.